Map: Ice and Chrome LE

Players

Darkloar - Winner!

  • Race: Zerg Zerg
  • League: Diamond
  • Spawn Location: 7:00

Szerspliex

  • Race: Zerg Zerg
  • League: Diamond
  • Spawn Location: 1:00

VOD

Have the link to the VOD?

Description

Time

  • Played on: June 25, 2020, 1:28 a.m.
  • Length: 22:19
Show
View Real Time Build Order
Export as new Build Order

Darkloar Zerg - Winner!

Build Orders: Hatch First, Lurkers 

Get SALT Encoding   

  12  0:01  Drone  
  13  0:10  Drone  
  14  0:25  Overlord  
  14  0:45  Drone, Hatchery  
  14  0:48  Drone  
  15  0:58  Drone x2  
  17  1:14  Spawning Pool  
  17  1:15  Drone  
  17  1:20  Drone  
  18  1:28  Drone  
  20  1:40  Drone  
  20  1:49  Drone  
  21  1:59  Drone  
  21  2:00  Drone  
  23  2:03  Queen  
  23  2:04  Spine Crawler  
  23  2:06  Queen, Spine Crawler  
  25  2:09  Zergling x2  
  25  2:12  Zergling x2  
  27  2:49  Drone  
  28  2:54  Overlord  
  28  2:55  Overlord  
  28  3:04  Evolution Chamber  
  27  3:08  Evolution Chamber  
  27  3:09  Evolution Chamber  
  25  3:15  Drone x2  
  25  3:16  Drone x3  
  30  3:21  Drone x3  
  30  3:23  Drone  
  30  3:26  Extractor  
  33  3:29  Extractor  
  32  3:41  Drone  
  33  3:42  Drone x2  
  35  3:58  Drone x4  
  35  3:59  Drone  
  40  4:03  Drone  
  40  4:04  Drone  
  42  4:12  Spore Crawler  
  42  4:13  Drone x2  
  43  4:20  Lair  
  43  4:25  Extractor  
  43  4:26  Extractor  
  41  4:34  Drone x2  
  41  4:35  Drone  
  41  4:36  Overlord x2  
  44  4:54  Drone  
  44  4:55  Drone x2  
  44  4:56  Drone x3  
  50  5:13  Zerg Missile Weapons Level 1  
  50  5:21  Hydralisk Den  
  50  5:25  Pneumatized Carapace  
  49  5:30  Queen  
  51  5:36  Overlord  
  51  5:43  Overlord x2  
  51  5:49  Hydralisk  
  51  5:50  Hydralisk x3  
  51  5:51  Overlord  
  51  5:56  Lurker Den, Grooved Spines  
  58  5:59  Hydralisk  
  58  6:02  Hydralisk  
  62  6:07  Queen  
  64  6:26  Infestation Pit  
  64  6:27  Hydralisk x3  
  69  6:55  Lurker  
  69  6:56  Lurker  
  69  6:57  Lurker  
  73  7:08  Zergling x4  
  73  7:09  Zergling x8  
  73  7:10  Zergling x8  
  73  7:11  Zergling x12  
  73  7:13  Hive  
  88  7:21  Metabolic Boost  
  88  7:36  Zergling x8  
  92  7:40  Nydus Network  
  92  7:41  Zergling x2  
  92  7:42  Overlord x3  
  92  7:55  Overlord x2  
  92  8:09  Lurker x3  
  95  8:26  Nydus Canal  
  95  8:30  Seismic Spines  
  95  8:34  Zergling x12  
  98  8:35  Zergling x4  
  98  8:36  Zergling x10  
  96  9:18  Muscular Augments  
  96  9:21  Zergling x8  
  96  9:22  Zergling x8  
  96  9:23  Zergling x6  
  96  9:24  Zergling x4  
  109  9:26  Zerg Melee Weapons Level 1  
  109  9:27  Adaptive Talons  
  109  9:28  Lurker x2  
  111  9:36  Lurker  
  112  9:41  Nydus Canal  
  106  10:10  Nydus Canal  
  106  10:16  Hydralisk x5  
  116  10:22  Zergling x4  
  116  10:23  Zergling x6  
  109  10:56  Hydralisk x5  
  109  10:57  Hydralisk x4  
  87  11:29  Hydralisk x3  
  87  11:30  Hydralisk x3  
  98  11:39  Hydralisk x2  
  96  12:05  Overseer  
  96  12:15  Hydralisk x3  
  102  12:30  Nydus Canal  
  102  12:33  Spore Crawler  
  102  12:36  Queen, Spore Crawler  
  102  12:37  Spore Crawler  
  102  12:38  Spore Crawler  
  102  12:39  Spore Crawler  
  102  12:40  Spore Crawler  
  102  12:43  Spore Crawler  
  95  12:54  Spore Crawler  
  95  12:56  Spore Crawler  
  95  12:58  Spore Crawler x2  
  64  14:31  Hatchery  
  64  14:36  Spawning Pool  
  42  15:49  Overlord  
  42  16:10  Overlord x2  
  40  16:39  Overlord x3  
  40  17:05  Drone  
  40  17:06  Drone  
  42  17:17  Drone  
  43  17:24  Spawning Pool  
  42  17:46  Drone x4  
  46  18:10  Overlord x3  
  44  18:25  Drone x2  
  44  18:26  Overlord x2  
  46  18:28  Lair  
  46  19:07  Drone  
  46  19:08  Drone x4  
  48  19:23  Drone  
  48  19:24  Drone  
  50  19:30  Hydralisk Den  
  49  19:33  Extractor  
  49  19:34  Extractor  
  49  19:35  Zergling x2  
  49  19:38  Zergling x6  
  49  19:52  Drone  
  49  19:55  Hatchery  
  49  19:59  Hydralisk  
  50  20:06  Hydralisk  
  50  20:08  Hydralisk  
  50  20:11  Hydralisk x2  
  58  20:18  Hydralisk  
  58  20:35  Spore Crawler  
  58  20:37  Drone  
  58  20:38  Drone, Spore Crawler  
  58  20:39  Drone x2  
  60  20:48  Hydralisk  
  62  20:57  Hydralisk, Spore Crawler  
  63  21:30  Hydralisk x3  
Show
View Real Time Build Order
Export as new Build Order

Szerspliex Zerg 

Build Orders: Pool First 

Get SALT Encoding   

  12  0:01  Drone  
  13  0:16  Drone  
  13  0:19  Overlord  
  14  0:27  Extractor  
  13  0:39  Spawning Pool  
  13  0:40  Drone  
  13  0:45  Drone  
  13  0:49  Drone  
  15  0:55  Drone  
  16  1:03  Drone  
  17  1:13  Overlord  
  17  1:26  Queen  
  17  1:27  Zergling x2  
  20  1:38  Metabolic Boost  
  20  1:44  Zergling x2  
  21  1:48  Zergling x2  
  22  1:58  Zergling x2  
  23  2:07  Drone  
  24  2:11  Queen  
  26  2:18  Zergling x2  
  27  2:28  Hatchery  
  25  2:39  Zergling x4  
  25  2:40  Zergling x4  
  29  2:55  Baneling Nest  
  28  3:08  Zergling x6  
  28  3:20  Drone x3  
  30  3:43  Drone x2  
  30  3:47  Hatchery  
  31  3:52  Drone x3  
  34  3:58  Drone  
  35  4:12  Drone  
  36  4:17  Roach Warren, Lair  
  36  4:18  Queen, Overlord  
  36  4:19  Evolution Chamber  
  36  4:23  Overlord  
  36  4:33  Evolution Chamber  
  35  4:40  Drone x3  
  35  4:41  Drone  
  35  4:42  Drone  
  40  4:47  Zerg Missile Weapons Level 1  
  40  4:53  Drone, Extractor  
  40  4:54  Drone  
  40  4:57  Drone  
  42  5:02  Drone x2  
  42  5:06  Drone  
  42  5:07  Drone  
  46  5:17  Drone x2  
  46  5:18  Drone x3, Extractor  
  50  5:29  Spore Crawler  
  50  5:31  Spore Crawler  
  50  5:34  Drone x4  
  52  5:39  Zerg Ground Armor Level 1  
  52  5:43  Roach  
  52  5:45  Roach  
  52  5:49  Overlord  
  56  5:56  Queen  
  58  6:03  Glial Reconstitution  
  58  6:06  Queen  
  58  6:08  Roach x2  
  66  6:11  Roach  
  66  6:17  Overlord  
  66  6:20  Overlord  
  66  6:22  Overlord  
  66  6:35  Overlord  
  66  6:46  Roach x3  
  76  6:47  Roach x5  
  82  6:54  Zerg Missile Weapons Level 2  
  82  6:56  Roach x2  
  88  7:08  Roach x2  
  88  7:09  Overlord  
  88  7:10  Overlord  
  90  7:28  Roach x8  
  106  7:42  Overlord  
  106  7:43  Overlord x2  
  106  7:59  Overlord  
  106  8:00  Spire  
  106  8:01  Hatchery  
  106  8:02  Drone  
  106  8:03  Drone  
  106  8:04  Drone  
  107  8:06  Drone  
  108  8:16  Ravager x3  
  108  8:18  Drone x4  
  108  8:19  Drone  
  116  8:22  Extractor  
  116  8:23  Extractor  
  114  8:28  Drone x2  
  114  8:29  Drone x2  
  114  8:31  Drone  
  114  8:32  Drone  
  120  8:46  Roach  
  120  8:47  Roach x4  
  130  8:57  Roach  
  130  8:58  Roach x3  
  134  9:26  Drone x8  
  134  9:27  Drone x2  
  144  9:36  Overlord x3  
  144  9:37  Extractor  
  143  9:54  Mutalisk x2  
  143  9:55  Mutalisk x4, Roach  
  145  10:08  Overseer x2  
  145  10:10  Mutalisk x3  
  151  10:15  Mutalisk  
  153  10:24  Mutalisk  
  154  10:32  Mutalisk  
  156  10:40  Mutalisk x2  
  150  10:51  Drone x6  
  150  10:52  Drone x4  
  150  10:53  Mutalisk, Roach  
  153  11:14  Mutalisk x4, Roach  
  105  11:19  Roach  
  105  11:21  Drone x3  
  105  11:23  Extractor  
  105  11:24  Mutalisk  
  105  11:25  Extractor  
  108  11:32  Drone x5  
  106  11:37  Mutalisk x2  
  109  11:43  Mutalisk  
  111  11:50  Mutalisk  
  113  11:55  Drone x2  
  113  11:56  Drone x2  
  113  11:57  Mutalisk  
  119  12:31  Spawning Pool  
  119  12:34  Mutalisk x4  
  119  12:35  Mutalisk x4  
  124  13:00  Mutalisk x3  
  125  13:15  Mutalisk  
  125  13:16  Roach  
  125  13:17  Roach x6  
  123  13:25  Roach x2  
  123  13:26  Roach x3  
  129  13:35  Roach  
  127  13:55  Hatchery  
  120  14:05  Hatchery  
  109  14:12  Mutalisk  
  109  14:13  Mutalisk x4  
  99  14:36  Spawning Pool  
  65  15:06  Overlord x3  
  55  15:30  Overlord x2  
  55  15:31  Overlord  
  53  15:52  Hatchery  
  52  16:12  Drone  
  52  16:13  Drone x2  
  55  16:25  Drone  
  52  16:43  Spawning Pool  
  51  16:47  Extractor  
  50  17:08  Overlord x4  
  46  17:41  Lair  
  46  17:45  Roach Warren, Drone x6  
  37  18:35  Drone x5  
  34  18:46  Overseer  
  34  18:50  Drone  
  35  19:04  Drone x2  
  36  19:34  Drone x2  
  38  19:51  Extractor  
  37  19:58  Drone  
  38  20:17  Spawning Pool  
  37  20:31  Drone x2  
  39  20:56  Drone x3  
  42  20:59  Drone  
  42  21:00  Drone x2  
  39  21:21  Zergling x2  
  39  21:22  Zergling x2  
  37  21:51  Zergling x4  
Tags
 
Add a new tag
Caveats
  • Supply blocks, unpowered buildings, or Contaminate may cause inaccurate times.
  • Supply counts are checked every 10 seconds.